 Dungeon Crawl Stone Soup version 0.30.1-11-g7821555f0a (webtiles) character file.

Game seed: 9941298907199456842

187 hawla the Firebug (level 5, -1/54 HPs)
             Began as a Demonspawn Fire Elementalist on Jan 5, 2024.
             Slain by Grinder (6 damage)
             ... on level 3 of the Dungeon.
             The game lasted 00:07:14 (2855 turns).

hawla the Firebug (Demonspawn Fire Elementalist)    Turns: 2855, Time: 00:07:15

Health: -1/54      AC: 22    Str:  5 (8)  XL:     5   Next: 39%
Magic:  2/9        EV:  2    Int: 18 (19) God:
Gold:   195        SH:  0    Dex: 11 (13) Spells: 2/9 levels left

rFire   . . .        t - +0 long sword
rCold   . . .        (no shield)
rNeg    . . .        a - melded +0 robe
rPois   +            (helmet currently unavailable)
rElec   .            b - melded +0 cloak
rCorr   .            (gloves currently unavailable)
SInv    .            m - melded +0 pair of boots
Will    .....        l - amulet of the acrobat
Stlth   ++           c - ring of flight
HPRegen 0.29/turn    h - +5 ring of evasion
MPRegen 0.11/turn

%: acrobat
@: tree-form, on berserk cooldown, hasted and slowed
A: stationary, stasis, torment immunity, boosted hp, (slimy green scales 1),
powered by pain 1, (demonic touch 1)
a: no special abilities


You were on level 3 of the Dungeon.
You were a tree.
You visited 1 branch of the dungeon, and saw 3 of its levels.

You collected 195 gold pieces.

Inventory:

Hand Weapons
 d - the +12 demon blade "Luaneezy" {vamp, Str+3}
   (You acquired it on level 3 of the Dungeon)

   Str:       It affects your strength (+3).
 t - a +0 long sword (weapon)
Armour
 a - a +0 robe (melded)
 b - a +0 cloak (melded)
 m - a +0 pair of boots (melded)
Magical Staves
 f - a staff of earth
Jewellery
 c - a ring of flight (left branch)
 h - a +5 ring of evasion (right branch)
 l - an amulet of the acrobat (around neck)
Wands
 g - a wand of flame (6)
Potions
 e - 2 potions of mutation
 o - a potion of lignification


   Skills:
 - Level 0.6 Fighting
 - Level 0.3 Long Blades
 - Level 2.3 Dodging
 - Level 1.7 Stealth
 - Level 2.9 Spellcasting
 + Level 2.8 Conjurations
 - Level 4.0 Fire Magic


You had 2 spell levels left.
You knew the following spells:

 Your Spells              Type           Power      Damage    Failure   Level
a - Foxfire               Conj/Fire      56%        2x1d6     4%          1
b - Scorch                Fire           34%        2d6       4%          2
c - Flame Wave            Conj/Fire      14%        2d6       38%         4

Your spell library contained the following spells:

 Spells                   Type           Power      Damage    Failure   Level
 Poisonous Vapours        Pois/Air       4%         N/A       26%         2
 Inner Flame              Hex/Fire       9%         N/A       22%         3
 Volatile Blastmotes      Fire/Tloc      18%        2d11      22%         3
 Mephitic Cloud           Conj/Pois/Air  6%         N/A       32%         3
 Freezing Cloud           Conj/Ice/Air   3%         6-21      97%         5


Dungeon Overview and Level Annotations

Branches:
Dungeon (3/15)

Altars:

Annotations:
D:3 Grinder, Ijyb


Innate Abilities, Weirdness & Mutations

You are a tree.
Your roots penetrate the ground, keeping you stationary.
You cannot be teleported.
You are immune to unholy pain and torment.
Your maximum health is greatly increased.
Your equipment is partially melded.
((You are partially covered in slimy green scales. (AC +2)))
You sometimes gain a little power by taking damage.
((Your touch may inflict minor irresistible damage on your foes.))


Message History

Confirm with . or Enter, or press ? or * to list all spells.
You miscast Scorch.
You are very lightly contaminated with residual magic.
Nothing appears to happen.
The kobold hits you but does no damage. Grinder says, "Are you a fish?"
Grinder gestures at you.
You suddenly lose the ability to move!
The kobold hits you but does no damage. Grinder gestures at you.
You resist with significant effort. The kobold hits you but does no damage.
You can move again.
Casting: Scorch (safe; 4% risk of failure)
Confirm with . or Enter, or press ? or * to list all spells.
Flames lash Grinder.
Grinder is almost dead.
Grinder's fire resistance burns away.
Grinder hits you but does no damage. The kobold hits you with a +0 dagger.
* * * LOW HITPOINT WARNING * * *
Grinder hits you!
* * * LOW HITPOINT WARNING * * *
You writhe in agony.
* * * LOW HITPOINT WARNING * * *
The kobold barely misses you.
Unknown command.
Casting: Scorch (safe; 4% risk of failure)
Confirm with . or Enter, or press ? or * to list all spells.
You don't have enough magic to cast this spell.
It was a potion of haste.
You feel yourself speed up. The kobold barely misses you.
Grinder hits you but does no damage.
It was a potion of degeneration.
There was something very wrong with that liquid.
You feel weakened.
You feel dopey.
You feel clumsy. The kobold hits you but does no damage.
Grinder hits you but does no damage.
Your magical contamination has completely faded away.
You closely miss Grinder.
Grinder is almost dead.
Grinder is no longer more vulnerable to fire.
Grinder hits you.
You die...

#.#
#..>....#
########.#
###......
#.!...##.#
#......
#.....##.#
#......
#.....##.#
#......
#.....##.#
+......
#.....##.#
#......
#...)5##.#
#......
##....♣##.#
#......
#.....K....#
#......
#.#.....####
#######
#...... #
#.....# #
####+## # #


You could see Grinder and a kobold.

Vanquished Creatures
  Terence (D:3)
  Natasha (D:3)
  An orc wizard (D:3)
  3 adders (D:2)
  2 worms (D:3)
  12 orcs (D:3)
  7 endoplasms
  4 giant cockroaches
  5 hobgoblins
  8 jackals
  4 quokkas
  A ball python (D:3)
  2 bats
  4 frilled lizards
  3 goblins
  4 kobolds
62 creatures vanquished.

Vanquished Creatures (others)
  67 foxfires
67 creatures vanquished.

Grand Total: 129 creatures vanquished

Notes
Turn   | Place    | Note
-------+----------+-------------------------------------------
     0 | D:1      | hawla the Demonspawn Fire Elementalist began the quest for
                  | the Orb.
     0 | D:1      | Reached XP level 1. HP: 13/13 MP: 3/3
   137 | D:1      | Reached skill level 3 in Fire Magic
   291 | D:1      | Gained mutation: You sometimes gain a little power by
                  | taking damage. [demonic ancestry]
   291 | D:1      | Reached XP level 2. HP: 19/19 MP: 3/5
   294 | D:1      | Learned a level 2 spell: Scorch
  1172 | D:2      | Gained mutation: You are partially covered in slimy green
                  | scales. (AC +2) [demonic ancestry]
  1172 | D:2      | Reached XP level 3. HP: 24/24 MP: 3/6
  1999 | D:3      | Identified a scroll of acquirement
  1999 | D:3      | Acquired the +12 demon blade "Luaneezy" {vamp, Str+3}
  2007 | D:3      | Gained mutation: Your touch may inflict minor irresistible
                  | damage on your foes. [demonic ancestry]
  2007 | D:3      | Reached XP level 4. HP: 31/31 MP: 7/7
  2305 | D:3      | Reached skill level 4 in Fire Magic
  2330 | D:3      | Noticed Ijyb
  2343 | D:3      | Noticed Terence
  2392 | D:2      | Learned a level 4 spell: Flame Wave
  2527 | D:3      | Killed Terence
  2528 | D:3      | Reached XP level 5. HP: 25/36 MP: 1/9
  2826 | D:3      | Noticed Grinder
  2827 | D:3      | Noticed Natasha
  2840 | D:3      | Killed Natasha
  2840 | D:3      | Paralysed by Grinder for 2 turns
  2849 | D:3      | Paralysed by Grinder for 3 turns
  2855 | D:3      | Slain by Grinder

Illustrated notes

Levels and vault maps discovered:
D:1:      dpeg_arrival_chambers_temple_mockup, layout_rooms,
          minmay_splitting_lines, minmay_shallow_snake_nest
D:2:      layout_loops_ring, chequers_mini_garden
D:3:      cheibrodos_old_hovel, layout_basic,
          mainiacjoe_overflow_surrounded_room, chequers_hall_statues_wall_a,
          uniq_grinder, uniq_ijyb, uniq_terence, uniq_natasha

Skill      XL: |  1  2  3  4 |
---------------+-------------+-----
Fire Magic     | 3 4 |  4.0
Dodging        | 2 |  2.3
Conjurations   | 2 |  2.8
Fighting       | |  0.6
Long Blades    | |  0.3
Stealth        | |  1.7
Spellcasting   | |  2.9

Action                     |  1- 3 |  4- 6 || total
---------------------------+-------+-------++-------
  Melee: Unarmed           |    39 |     1 ||    40
         Punch             |     1 |       ||     1
         Demon blade       |     1 |    12 ||    13
         Long sword        |       |    34 ||    34
         Touch             |       |     7 ||     7
   Cast: Foxfire           |    32 |     6 ||    38
         Scorch            |    15 |     5 ||    20
         Flame Wave        |       |     2 ||     2
    Use: Potion            |     1 |     5 ||     6
         Scroll            |     7 |     1 ||     8
   Stab: Sleeping          |     3 |     1 ||     4
 Armour: Robe              |    10 |    16 ||    26
         Skin              |       |    25 ||    25
  Dodge: Dodged            |    58 |    98 ||   156
